 Dungeon Crawl Stone Soup version 0.31-a0-187-gba352fbbf7 (webtiles) character file.

Game seed: 3456734261760828368

882 qw the Skirmisher (level 7, -5/40 HPs)
             Began as a Deep Elf Hunter on June 22, 2023.
             Shot with an arrow by a centaur (6 damage)
             ... on level 6 of the Dungeon.
             The game lasted 00:01:21 (3499 turns).

qw the Skirmisher (Deep Elf Hunter)                 Turns: 3499, Time: 00:01:21

Health: -5/40      AC:  7    Str: 10    XL:     7   Next: 76%
Magic:  9/9        EV: 11    Int: 14    God:
Gold:   282        SH:  0    Dex: 18    Spells: 6/6 levels left

rFire   + . .        Y - +1 shortbow
rCold   . . .        (shield currently unavailable)
rNeg    . . .        g - +0 ring mail
rPois   +            (no helmet)
rElec   .            i - +0 cloak
rCorr   .            j - +0 pair of gloves
SInv    .            (no boots)
Will    .....        (no amulet)
Stlth   +            d - ring of protection from fire
HPRegen 0.26/turn    b - ring of poison resistance
MPRegen 0.11/turn

%: no passive effects
@: about to teleport
A: no striking features
a: no special abilities


You were on level 6 of the Dungeon.
You visited 2 branches of the dungeon, and saw 7 of its levels.

You collected 282 gold pieces.


   Skills:
 + Level 2.0 Fighting
 - Level 12.0 Ranged Weapons
 - Level 1.3 Armour
 - Level 3.0 Dodging
 - Level 1.2 Stealth


You had 6 spell levels left.
You didn't know any spells.
Your spell library was empty.

Inventory:

Hand Weapons
 Y - a +1 shortbow (weapon)
Armour
 g - a +0 ring mail (worn)
 i - a +0 cloak (worn)
 j - a +0 pair of gloves (worn)
Jewellery
 b - a ring of poison resistance (right hand)
 d - a ring of protection from fire (left hand)
 e - a ring of positive energy
 m - a ring of protection from fire
Scrolls
 a - a scroll of identify
 c - a scroll of teleportation
Potions
 f - 4 potions of heal wounds
 h - a potion of curing

Dungeon Overview and Level Annotations

Branches:
Dungeon (6/15)             Temple (1/1) D:6

Altars:
Cheibriados
Dithmenos
Elyvilon
Fedhas
Kikubaaqudgha
Trog
Vehumet
Wu Jian
Yredelemnul


Message History

Found a stone staircase leading down.
Enter note:
There is a stone staircase leading down here.
There is a stone staircase leading down here.
A centaur comes into view.
The centaur shouts!
The centaur wields a +0 orcbow.
The centaur shoots an arrow.
The arrow hits you.
Enter note: You shoot an arrow.
The arrow hits the centaur!
The centaur is moderately wounded.
The centaur shoots an arrow.
The arrow hits you.
You shoot an arrow.
The arrow completely misses the centaur.
The centaur shoots an arrow.
The arrow barely misses you.
The centaur shoots an arrow.
The arrow barely misses you.
You shoot an arrow. The arrow barely misses the centaur.
The centaur shoots an arrow.
The arrow hits you.
You shoot an arrow. The arrow hits the centaur!
The centaur is severely wounded.
The centaur shoots an arrow.
The arrow completely misses you.
The centaur shoots an arrow.
The arrow misses you.
You shoot an arrow.
The arrow hits the centaur but does no damage.
The centaur is severely wounded.
You shoot an arrow. The arrow barely misses the centaur.
The centaur shoots an arrow.
The arrow hits you.
The centaur shoots an arrow.
The arrow hits you!
You shoot an arrow. The arrow hits the centaur!
The centaur is almost dead.
You shoot an arrow. The arrow barely misses the centaur.
The centaur shoots an arrow.
The arrow hits you.
You shoot an arrow. The arrow hits the centaur.
The centaur is almost dead.
The centaur shoots an arrow.
The arrow hits you.
The centaur shoots an arrow.
The arrow hits you!
3499 ||| READING 2 scrolls of teleportation.
As you read the scroll of teleportation, it crumbles to dust.
You feel strangely unstable.
The centaur shoots an arrow.
The arrow hits you.
You die...

#########
#..c..... #@# #.#
.########.######.
........>........
.#######.##.####.#
#....# #.#
###..####.#
#....##.#
####.##..#.#####


You could see a centaur.

Vanquished Creatures
  Sigmund (D:2)
  Menkaure (D:4)
  An ogre (D:5)
  4 scorpions
  2 hounds (D:5)
  An orc priest (D:5)
  2 iguanas
  4 gnolls (D:4)
  4 adders
  A shadow imp (D:5)
  A white imp (D:5)
  3 dart slugs
  4 orcs (D:5)
  8 ball pythons
  8 endoplasms
  2 giant cockroaches (D:3)
  5 hobgoblins
  5 kobolds
  3 quokkas
  4 bats
  3 frilled lizards
  4 goblins
  3 rats
74 creatures vanquished.

Notes
Turn   | Place    | Note
-------+----------+-------------------------------------------
     0 | D:1      | qw the Deep Elf Hunter began the quest for the Orb.
     0 | D:1      | Reached XP level 1. HP: 12/12 MP: 3/3
     0 | D:1      | 0 ||| qw: Version: 0.3-a-9-g12657ce
     0 | D:1      | 0 ||| qw: Game counter: 2349
     0 | D:1      | 0 ||| qw: Always use a shield: true
     0 | D:1      | 0 ||| qw: God list: Okawaru
     0 | D:1      | 0 ||| qw: Allow faded altars: false
     0 | D:1      | 0 ||| qw: Do Orc after D:15 true
     0 | D:1      | 0 ||| qw: Do second Lair branch before Depths: true
     0 | D:1      | 0 ||| qw: Lair rune preference: random
     0 | D:1      | 0 ||| qw: Plans: Normal
     0 | D:1      | 0 ||| PLANNING D:1-11
    46 | D:1      | Reached skill level 6 in Ranged Weapons
    46 | D:1      | Reached XP level 2. HP: 16/16 MP: 4/4
   171 | D:1      | 171 ||| DROPPING +3 sling.
   335 | D:1      | 335 ||| UPGRADING to +0 cloak.
   340 | D:1      | 340 ||| UPGRADING to ring of protection from fire.
   341 | D:1      | 341 ||| READING scroll labelled OWEFEO LOVAFF.
   342 | D:1      | 342 ||| READING 2 scrolls labelled DESAZE BEOPNE.
   343 | D:1      | 343 ||| READING scroll labelled MAETYA OVOTH.
   344 | D:1      | 344 ||| READING 2 scrolls labelled LOKORU XUTIOG.
   345 | D:1      | 345 ||| DROPPING scroll of butterflies.
   346 | D:1      | 346 ||| DROPPING scroll of amnesia.
   347 | D:1      | 347 ||| DROPPING scroll of noise.
   371 | D:2      | 371 ||| STAIRDANCE
   419 | D:2      | Reached XP level 3. HP: 20/20 MP: 5/5
   448 | D:2      | Found a white marble altar of Elyvilon.
   449 | D:2      | Noticed Sigmund
   457 | D:2      | Killed Sigmund
   458 | D:2      | Reached skill level 8 in Ranged Weapons
   458 | D:2      | Reached XP level 4. HP: 22/25 MP: 6/6
   458 | D:2      | Reached XP level 5. HP: 25/29 MP: 7/7
   612 | D:2      | Reached skill level 9 in Ranged Weapons
   827 | D:2      | 827 ||| UPGRADING to ring of poison resistance.
   828 | D:2      | 828 ||| DRINKING 2 lumpy purple potions.
   858 | D:2      | 858 ||| UPGRADING to +0 ring mail.
   868 | D:2      | 868 ||| DROPPING +0 leather armour.
  1077 | D:3      | Identified the +4 flail of Weptamn {speed, rF- rC++ rN+
                  | rCorr}
  1393 | D:3      | 1393 ||| READING 2 scrolls labelled WYSTAGG TAAFAIPT.
  1394 | D:3      | 1394 ||| DROPPING scroll of vulnerability.
  1787 | D:4      | Reached XP level 6. HP: 27/35 MP: 8/8
  1832 | D:4      | Noticed Menkaure
  1843 | D:4      | Killed Menkaure
  1844 | D:4      | Reached skill level 10 in Ranged Weapons
  1965 | D:4      | Reached skill level 3 in Dodging
  2046 | D:4      | Reached skill level 1 in Armour
  2230 | D:4      | 2230 ||| UPGRADING to +0 pair of gloves.
  2235 | D:4      | 2235 ||| READING scroll labelled ZUCSAL MIPT.
  2336 | D:4      | 2336 ||| READING scroll labelled ILETSU YJINI.
  2371 | D:5      | Entered Level 5 of the Dungeon
  2394 | D:5      | Reached XP level 7. HP: 40/40 MP: 9/9
  2485 | D:5      | Found an ornate altar of the Wu Jian Council.
  2749 | D:5      | Reached skill level 11 in Ranged Weapons
  3212 | D:5      | 3212 ||| READING 3 scrolls labelled XEMANEA BAXZO.
  3217 | D:5      | 3217 ||| READING scroll labelled MAYSME XUME.
  3218 | D:5      | 3218 ||| READING scroll labelled SUENUO OLAAF.
  3263 | D:6      | Reached skill level 12 in Ranged Weapons
  3304 | D:6      | Found a staircase to the Ecumenical Temple.
  3305 | D:6      | 3305 ||| PLANNING TEMPLE
  3305 | D:6      | 3305 ||| READING 2 scrolls of identify.
  3305 | D:6      | 3305 ||| IDENTIFYING emerald potion
  3306 | D:6      | 3306 ||| DROPPING potion of brilliance.
  3313 | Temple   | Entered the Ecumenical Temple
  3443 | Temple   | 3443 ||| PLANNING D:1-11
  3498 | D:6      | HP: 8/40 [centaur/arrow (6)]
  3498 | D:6      | HP: 1/40 [centaur/arrow (7)]
  3499 | D:6      | 3499 ||| READING 2 scrolls of teleportation.
  3499 | D:6      | Shot with an arrow by a centaur

Levels and vault maps discovered:
D:1:      mushboom_english_gardens, layout_rooms
D:2:      layout_rooms, basic_altar, amcnicky_mini_corridor_feature,
          minmay_crystal_room, minmay_strange_pillars, hangedman_glass_teeth,
          uniq_sigmund
D:3:      layout_basic
D:4:      layout_loops_cross, uniq_menkaure
D:5:      layout_loops_ring, overflow_temple_1_default, nicolae_letterblocks
          [nicolae_letter_subblock, nicolae_letter_subblock,
          nicolae_letter_subblock, nicolae_letter_subblock,
          nicolae_letter_subblock, nicolae_letter_subblock,
          nicolae_letter_subblock, nicolae_letter_subblock,
          nicolae_letter_subblock, nicolae_letter_subblock,
          nicolae_letter_subblock, nicolae_letter_subblock,
          nicolae_letter_subblock, nicolae_letter_subblock,
          nicolae_letter_subblock, nicolae_letter_subblock,
          nicolae_letter_subblock, nicolae_letter_subblock,
          nicolae_letter_subblock, nicolae_letter_subblock,
          nicolae_letter_subblock, nicolae_letter_subblock,
          nicolae_letter_subblock, nicolae_letter_subblock,
          nicolae_letter_subblock]
D:6:      layout_basic, tso_oasis_becter, lemuel_round_altar,
          minmay_temple_entry_tees, ebering_dispersal_statue_hall,
          minmay_gold_behind_fungi
Temple:   nicolae_temple_bog_church

Skill      XL: |  1  2  3  4  5  6  7 |
---------------+----------------------+-----
Ranged Weapons | 6 8 9 10 12 | 12.0
Fighting       | 2 |  2.0
Dodging        | 3 |  3.0
Armour         | 1 |  1.3
Stealth        | |  1.2

Action                     |  1- 3 |  4- 6 |  7- 9 || total
---------------------------+-------+-------+-------++-------
   Fire: Shortbow          |    62 |   127 |   106 ||   295
    Use: Scroll            |     4 |     3 |     5 ||    12
         Potion            |       |     1 |       ||     1
 Armour: Leather armour    |     3 |     2 |       ||     5
         Ring mail         |       |    10 |    11 ||    21
  Dodge: Dodged            |     1 |    20 |    27 ||    48

Table legend:
 A = Non-vault XP
 B = Vault XP
 C = Vault XP percentage of total XP
 D = Non-vault monster count
 E = Vault monster count
 F = Vault count percentage of total count
                 A         B        C        D         E       F
            +---------+---------+-------+---------+---------+-------
      Total |     868 |     392 |  31.1 |      72 |       2 |   2.7
            +---------+---------+-------+---------+---------+-------
        D:1 |      33 |       0 |   0.0 |      20 |       0 |   0.0
        D:2 |      31 |     223 |  87.8 |      14 |       1 |   6.7
        D:3 |      14 |       0 |   0.0 |       7 |       0 |   0.0
        D:4 |     198 |     169 |  46.0 |      13 |       1 |   7.1
        D:5 |     556 |       0 |   0.0 |      17 |       0 |   0.0
        D:6 |      36 |       0 |   0.0 |       1 |       0 |   0.0
            +---------+---------+-------+---------+---------+-------
